 Dungeon Crawl Stone Soup version 0.22.1-1-ga44c0e56f4 (webtiles) character file.

259 LLavrengius the Insei (level 6, -2/39 HPs)
             Began as an Octopode Transmuter on Nov 6, 2018.
             Was a Believer of Lugonu.
             Slain by Grinder (5 damage)
             ... on level 3 of the Dungeon.
             The game lasted 00:07:14 (2610 turns).

LLavrengius the Insei (Octopode Transmuter)         Turns: 2610, Time: 00:07:15

Health: -2/39      AC:  2    Str: 10    XL:     6   Next: 17%
Magic:  7/9        EV: 21    Int: 17    God:    Lugonu [**....]
Gold:   118        SH:  0    Dex: 17    Spells: 3/9 levels left

rFire    . . .     SeeInvis .     - Unarmed
rCold    . . .     Gourm    .   (shield currently unavailable)
rNeg     . . .     Faith    .   (helmet currently unavailable)
rPois    x         Spirit   .   (no amulet)
rElec    .         Reflect  .   s - +4 ring of slaying
rCorr    .         Harm     .   (no ring)
MR       .....                  (no ring)
Stlth    +++.......             (no ring)
HPRegen  0.13/turn              (no ring)
MPRegen  0.11/turn              (no ring)
                                (no ring)
                                (no ring)

@: spider-form
A: tiny, almost no armour, stealthy swim, (amphibious), 8 rings, (constrict 8)
a: End Transformation, Depart the Abyss, Bend Space, Renounce Religion


You were on level 3 of the Dungeon.
You worshipped Lugonu.
Lugonu was pleased with you.
You were hungry.
You were a venomous arachnid creature.
You visited 1 branch of the dungeon, and saw 3 of its levels.

You collected 118 gold pieces.

Inventory:

Missiles
 a - 12 arrows
 o - 7 tomahawks (quivered)
 q - 2 throwing nets
Jewellery
 s - a +4 ring of slaying (left front leg)
 u - an uncursed amulet of the gourmand {unknown}
Scrolls
 b - 5 scrolls of teleportation {unknown}
 e - a scroll of magic mapping {unknown}
 f - a scroll of remove curse {unknown}
 g - 3 scrolls of blinking {unknown}
 h - a scroll of enchant armour {unknown}
 i - 5 scrolls of identify {unknown}
 k - a scroll of amnesia {unknown}
 n - a scroll of random uselessness {unknown}
 p - a scroll of enchant weapon {unknown}
 r - a scroll of fear {unknown}
Potions
 d - a potion of heal wounds {unknown}
 j - 2 potions of curing {unknown}
 l - 2 potions of mutation {unknown}
 m - a potion of flight {unknown}
Comestibles
 c - 5 rations
 t - 4 chunks of flesh


   Skills:
 + Level 2.2 Fighting
 + Level 3.0 Dodging
 + Level 3.5 Stealth
 * Level 4.4 Unarmed Combat
 - Level 2.0 Spellcasting
 + Level 2.9 Transmutations
 + Level 1.2 Poison Magic
 + Level 0.3 Invocations


You had 3 spell levels left.
You knew the following spells:

 Your Spells              Type           Power        Failure   Level  Hunger
a - Beastly Appendage     Tmut           ##....       17%         1    #......
b - Sticks to Snakes      Tmut           ##......     22%         2    ###....
c - Spider Form           Tmut/Pois      #.........   45%         3    ###....

Your spell library contained the following spells:

 Spells                   Type           Power        Failure   Level  Hunger
 Ice Form                 Ice/Tmut       #.......     87%         4    #####..
 Blade Hands              Tmut           ##........   95%         5    ######.


Dungeon Overview and Level Annotations

Branches:
Dungeon (3/15)

Altars:
Lugonu

Annotations:
D:3 Grinder


Innate Abilities, Weirdness & Mutations

You cannot wear most types of armour.
You are very stealthy in the water. (Stealth+)
((You are amphibious.))
You can wear up to eight rings at the same time.
((You can use your tentacles to constrict eight enemies at once.))
((Your skin changes colour to match your surroundings (Stealth+).))
((Your rubbery body absorbs attacks. (AC +1, EV +1)))


Message History

You barely miss Grinder. Grinder gestures at you.
You barely resist. You bite Grinder!
Grinder is moderately wounded.
Grinder gestures at you. Pain shoots through your body!
You bite Grinder!
Grinder is heavily wounded.
Grinder closely misses you.
You bite Grinder!
Grinder is severely wounded.
Grinder hits you!
* * * LOW HITPOINT WARNING * * *
You writhe in agony.
* * * LOW HITPOINT WARNING * * *
You bite Grinder!
Grinder is almost dead.
Grinder hits you.
You die...

####.. ...... ...... .......
############.## ......#
#......s5.....#
......####.#############
...........)........
.......###....##### .......#
#....# .......# #....#
.......# #....# ##.#.#.#
##.....
...#.#.######################


You could see Grinder.

Vanquished Creatures
  An ogre (D:2)
  A bullfrog (D:2)
  3 adders (D:2)
  3 gnolls (D:2)
  An ooze (D:2)
  A dart slug (D:1)
  A leopard gecko (D:2)
  6 giant cockroaches
  7 goblins
  2 hobgoblins
  4 jackals (D:1)
  7 kobolds
  2 ball pythons
  6 bats
  2 frilled lizards
  7 rats
54 creatures vanquished.

Notes
Turn   | Place    | Note
-------+----------+-------------------------------------------
     0 | D:1      | LLavrengius the Octopode Transmuter began the quest for the
                  | Orb.
     0 | D:1      | Reached XP level 1. HP: 13/13 MP: 3/3
   191 | D:1      | Reached XP level 2. HP: 14/18 MP: 5/5
   195 | D:1      | Learned a level 2 spell: Sticks to Snakes
   853 | D:1      | Reached XP level 3. HP: 23/23 MP: 6/6
  1076 | D:1      | Learned a level 3 spell: Spider Form
  1161 | D:2      | Noticed a bullfrog
  1171 | D:2      | Killed a bullfrog
  1171 | D:2      | Reached XP level 4. HP: 9/29 MP: 3/7
  1454 | D:2      | Found a faded altar of an unknown god.
  1508 | D:2      | Reached skill level 4 in Unarmed Combat
  1508 | D:2      | Reached XP level 5. HP: 25/34 MP: 2/8
  1630 | D:2      | Became a worshipper of Lugonu the Unformed
  1630 | D:2      | Reached * piety under Lugonu
  1630 | D:2      | Reached ** piety under Lugonu
  1655 | D:2      | Noticed an ogre
  1674 | D:2      | Killed an ogre
  1674 | D:2      | Reached skill level 1 in Poison Magic
  2095 | D:2      | Reached XP level 6. HP: 39/39 MP: 6/9
  2598 | D:3      | Noticed Grinder
  2610 | D:3      | Slain by Grinder

Skill      XL: |  1  2  3  4  5  6 |
---------------+-------------------+-----
Stealth        | 2 3 |  3.5
Unarmed Combat | 4 |  4.4
Fighting       | 2 |  2.2
Poison Magic   | 1 |  1.2
Dodging        | 3 |  3.0
Spellcasting   | |  2.0
Transmutations | |  2.9
Invocations    | |  0.3

Action                   |  1- 3 |  4- 6 || total
-------------------------+-------+-------++-------
Melee: Unarmed           |    57 |    76 ||   133
       Constrict         |    18 |     8 ||    26
       Tentacles         |     9 |     2 ||    11
       Kick              |     5 |     1 ||     6
       Punch             |     1 |     1 ||     2
 Cast: Beastly Appendage |     2 |     1 ||     3
       Spider Form       |     1 |     9 ||    10
 Stab: Sleeping          |     5 |     8 ||    13
  Eat: Chunk             |       |     6 ||     6
Armor: Skin              |     6 |     1 ||     7
Dodge: Dodged            |    41 |    53 ||    94
